 Dungeon Crawl Stone Soup version 0.25-a0-566-g062765be81 (console) character file.

Game seed: 1239011721732101634, levelgen mode: deterministic

626 utis the Ducker (level 7, 0/41 HPs)
             Began as a Tengu Arcane Marksman on Feb 28, 2020.
             Slain by Edmund
             ... wielding a +1 dire flail of protection
              (14 damage)
             ... on level 4 of the Dungeon.
             The game lasted 00:18:51 (7727 turns).

utis the Ducker (Tengu Arcane Marksman)             Turns: 7727, Time: 00:18:51

Health: 0/41       AC:  3    Str: 10    XL:     7   Next: 47%
Magic:  9/9        EV: 18    Int: 16    God:
Gold:   218        SH:  0    Dex: 14    Spells: 5/8 levels left

rFire    . . .     SeeInvis .   a - +0 halberd
rCold    . . .     Gourm    .   (shield currently unavailable)
rNeg     . . .     Faith    .   e - +1 robe
rPois    .         Spirit   .   (helmet restricted)
rElec    .         Reflect  .   (no cloak)
rCorr    .         Harm     .   (no gloves)
MR       .....                  (boots unavailable)
Stlth    ++........             (no amulet)
HPRegen  0.13/turn              (no ring)
MPRegen  0.11/turn              (no ring)

@: brilliant, stab, flying quickly and evasively, quick
A: beak, talons 3, able to fly
a: Stop Flying


You were on level 4 of the Dungeon.
You were not hungry.

You visited 1 branch of the dungeon, and saw 4 of its levels.

You collected 218 gold pieces.

Inventory:

Hand Weapons
 a - a +0 halberd (weapon)
 b - a +0 hunting sling
 i - a +0 dagger
 m - a +0 short sword
 n - a +0 spear
 q - a +0 long sword of flaming
 w - a +0 shortbow
Missiles
 c - 15 sling bullets
 g - 113 stones (quivered)
 j - 3 atropa-tipped darts
Armour
 e - a +1 robe (worn)
Scrolls
 p - a scroll of teleportation {@r4}
 s - 2 scrolls of fear
 t - 2 scrolls of identify {unknown}
 v - a scroll of amnesia {unknown}
Potions
 h - a potion of brilliance
 l - a potion of lignification {unknown}
 r - a potion of ambrosia {unknown}
 u - a potion of might {unknown}
Comestibles
 f - 4 rations {@e1}
 o - 2 chunks of flesh


   Skills:
 - Level 3.0 Fighting
 + Level 5.3 Bows
 + Level 5.3 Dodging
 - Level 3.6 Stealth
 - Level 1.0 Spellcasting
 - Level 2.1 Hexes


You had 5 spell levels left.
You knew the following spells:

 Your Spells              Type           Power        Failure   Level  Hunger
a - Corona                Hex            ##.....      10%         1    None
w - Slow                  Hex            ##......     14%         2    None

Your spell library contained the following spells:

 Spells                   Type           Power        Failure   Level  Hunger
 Inner Flame              Hex/Fire       #.......     41%         3    None
 Portal Projectile        Hex/Tloc       #.....       41%         3    None
 Cause Fear               Hex            ##........   67%         4    None
 Leda's Liquefaction      Hex/Erth       #.........   82%         4    None


Dungeon Overview and Level Annotations

Branches:
Dungeon (4/15)
 Temple: D:4-7

Altars:
Okawaru
Qazlal
Ru

Annotations:
D:4 Edmund


Innate Abilities, Weirdness & Mutations

You have a beak for a mouth.
You have claws for feet.
You can fly continuously.


Message History

Edmund hits you with a +1 dire flail of protection.
You closely miss Edmund. You claw Edmund, but do no damage.
Edmund is severely wounded.
Edmund barely misses you.
You hit Edmund but do no damage. You claw Edmund, but do no damage.
Edmund is severely wounded.
Edmund misses you. Edmund barely misses you.
You closely miss Edmund. Your peck misses Edmund.
Edmund is severely wounded.
Edmund says, "You wouldn't believe how much I paid for this flail."
Edmund hits you with a +1 dire flail of protection!
* * * LOW HITPOINT WARNING * * *
Unknown command.
It was a potion of brilliance.
You feel clever all of a sudden. Edmund misses you.
It was a potion of stabbing.
You feel ready to backstab.
Edmund hits you with a +1 dire flail of protection!
You die...

░.░░..░ ░.░░░.░░░░░.░░░░.......░
░.░<..░ ░...░.░➘....░░░░.......░
░.░░░.░░░░.░.░.░➘░░.....░.......░
░..........░............░.......░
░░░░░.░░░░.░░░.░.░......░░.░░░░░░
░...........░.░.........░
░...░░░....░░.░➘➘.....░░░░░░
░░░.░.░...░░.░░@░.➘...[......░
░░...░.░.░.░░.░░Q░➘➘....░░░░░.░
.░.░░░.░.░.░░.░░.░➘➘.......░
.░.......░.░░.░░.░.░➘░░░░░.░
.░░░░░░.░░.░░.░...➘░.➘...░.░░░░░░
.░ ░..░.░░.░░░░░░░░░░.░.h...░. ░░
░░.░.░░.░ ░.░.░░░@░. ░
░......░░░░░ ░░░.░░░░░<░. ░
░░..░......░ ░......░░.░. ░
░..░......░ ░...........


You could see Edmund.

Vanquished Creatures
  An ogre (D:3)
  4 orc wizards
  An orc priest (D:3)
  2 hounds
  Jessica (D:2)
  Natasha (thrice) (D:2)
  A worker ant (D:4)
  Robin (D:2)
  7 gnolls
  3 adders
  4 worms
  4 dart slugs
  3 leopard geckos
  7 orcs
  2 ball pythons
  3 giant cockroaches
  13 goblins
  7 hobgoblins
  11 jackals
  3 quokkas
  5 bats (D:3)
  4 frilled lizards
  6 kobolds
  4 rats
100 creatures vanquished.

Notes
Turn   | Place    | Note
-------+----------+-------------------------------------------
     0 | D:1      | utis the Tengu Arcane Marksman began the quest for the Orb.
     0 | D:1      | Reached XP level 1. HP: 12/12 MP: 3/3
   248 | D:1      | Reached XP level 2. HP: 15/16 MP: 4/4
   355 | D:1      | Learned a level 2 spell: Slow
  1463 | D:1      | Reached XP level 3. HP: 19/20 MP: 5/5
  1779 | D:2      | Noticed Robin
  1990 | D:2      | Reached XP level 4. HP: 18/25 MP: 6/6
  2171 | D:2      | Noticed Natasha
  2180 | D:2      | Killed Natasha
  2189 | D:2      | Noticed Natasha
  2513 | D:2      | Killed Robin
  2513 | D:2      | Gained mutation: You can fly continuously. [Tengu growth]
  2513 | D:2      | Reached XP level 5. HP: 18/29 MP: 7/7
  3112 | D:2      | Noticed Jessica
  3118 | D:2      | Killed Jessica
  3268 | D:2      | Killed Natasha
  3573 | D:2      | Noticed Natasha
  3584 | D:2      | Killed Natasha
  3826 | D:3      | Found an iron altar of Okawaru.
  3869 | D:3      | Found a stormy altar of Qazlal.
  3894 | D:3      | Reached skill level 5 in Bows
  3894 | D:3      | Reached skill level 5 in Dodging
  3894 | D:3      | Reached XP level 6. HP: 5/34 MP: 8/8
  4670 | D:3      | meh
  4795 | D:3      | Found a sacrificial altar of Ru.
  5547 | D:3      | Reached skill level 1 in Stealth
  5902 | D:4      | Reached XP level 7. HP: 36/41 MP: 9/9
  6266 | D:4      | Noticed Edmund
  6588 | D:4      | HP: 2/41 [poisoned by a worker ant]
  6596 | D:4      | HP: 1/41 [poisoned by a worker ant]
  7727 | D:4      | Slain by Edmund

Levels and vault maps discovered:
D:1:      scummos_arrival_checkerplants, layout_basic
D:2:      layout_loops_ring, uniq_jessica, uniq_natasha, uniq_robin
D:3:      layout_basic, hangedman_ru_absence, nicolae_overflow_crystal_walls,
          okawaru_gym_becter
D:4:      layout_basic, corexii_item_surrounded_by_moat, roderic_lattice_a,
          uniq_edmund

Skill      XL: |  1  2  3  4  5  6  7 |
---------------+----------------------+-----
Bows           | 3 4 5 |  5.3
Dodging        | 3 4 5 |  5.3
Fighting       | 3 |  3.0
Stealth        | 1 3 |  3.6
Spellcasting   | |  1.0
Hexes          | |  2.1

Action                   |  1- 3 |  4- 6 |  7- 9 || total
-------------------------+-------+-------+-------++-------
Melee: Dagger            |     6 |       |       ||     6
       Peck              |     7 |    23 |     2 ||    32
       Short sword       |    24 |    15 |       ||    39
       Kick              |     5 |    31 |    10 ||    46
       Spear             |       |    63 |       ||    63
       Long sword        |       |    24 |       ||    24
       Halberd           |       |    23 |    34 ||    57
 Fire: Hunting sling     |    59 |    65 |    25 ||   149
       Shortbow          |    12 |    35 |    51 ||    98
Throw: Stone             |       |       |     5 ||     5
 Cast: Corona            |     1 |       |       ||     1
       Slow              |       |       |     6 ||     6
 Abil: Fly               |       |     1 |       ||     1
  Use: Scroll            |       |     7 |       ||     7
       Potion            |       |     1 |     3 ||     4
 Stab: Distracted        |       |     1 |       ||     1
       Sleeping          |       |     1 |       ||     1
  Eat: Chunk             |     3 |    12 |     6 ||    21
Armor: Robe              |     9 |    14 |     2 ||    25
Dodge: Dodged            |    43 |   140 |    47 ||   230
       Rpst.: Long sword |       |     7 |       ||     7

Table legend:
 A = Non-vault XP
 B = Vault XP
 C = Vault XP percentage of total XP
 D = Non-vault monster count
 E = Vault monster count
 F = Vault count percentage of total count
                 A         B        C        D         E       F
            +---------+---------+-------+---------+---------+-------
      Total |     785 |     110 |  12.3 |      86 |      14 |  14.0
            +---------+---------+-------+---------+---------+-------
        D:1 |      42 |       0 |   0.0 |      22 |       0 |   0.0
        D:2 |     187 |     110 |  37.0 |      17 |      14 |  45.2
        D:3 |     393 |       0 |   0.0 |      29 |       0 |   0.0
        D:4 |     163 |       0 |   0.0 |      18 |       0 |   0.0
            +---------+---------+-------+---------+---------+-------
